 Dungeon Crawl Stone Soup version 0.31-a0-931-g7b59d4e (webtiles) character file.

Game seed: 8284436284806490035

3 aurelian the Chopper (level 1, 0/15 (18) HPs)
             Began as a Hill Orc Reaver on Oct 19, 2023.
             Slain by a kobold
             ... wielding a +0 short sword of venom
              (4 damage)
             ... on level 1 of the Dungeon.
             The game lasted 00:01:15 (142 turns).

aurelian the Chopper (Hill Orc Reaver)               Turns: 142, Time: 00:01:16

HP:   0/15 (18)     AC:  3    Str: 14    XL:     1   Next: 50%
MP:   3/3           EV: 11    Int: 13    God:
Gold: 12            SH:  0    Dex:  9    Spells: 2/3 levels left

rFire   . . .        a - +0 hand axe
rCold   . . .        (no shield)
rNeg    . . .        b - +0 leather armour
rPois   .            (no helmet)
rElec   .            (no cloak)
rCorr   .            (no gloves)
SInv    .            (no boots)
Will    .....        (no amulet)
Stlth   +            (no ring)
HPRegen 0.22/turn    (no ring)
MPRegen 0.08/turn

%: no passive effects
@: lethally poisoned (0 -> -10), heavily drained
A: no striking features
a: no special abilities


You were on level 1 of the Dungeon.
You visited 1 branch of the dungeon, and saw 1 of its levels.

You collected 12 gold pieces.

Inventory:

Hand Weapons
 a - a +0 hand axe (weapon)
Missiles
 d - 11 stones
Armour
 b - a +0 leather armour (worn)
Scrolls
 c - a scroll of identify {unknown}
Potions
 e - a potion of resistance {unknown}


   Skills:
 + Level 2.5 Fighting
 * Level 4.2 Axes
 - Level 1.5 Dodging
 - Level 1.5 Spellcasting
 - Level 3.0 Conjurations


You had 2 spell levels left.
You knew the following spells:

 Your Spells              Type           Power      Damage    Failure   Level
a - Kiss of Death         Conj/Necr      16%        2d6       19%         1

Your spell library contained the following spells:

 Spells                   Type           Power      Damage    Failure   Level
 Momentum Strike          Conj/Tloc      8%         3d8       28%         2
 Hailstorm                Conj/Ice       4%         3d4       50%         3


Dungeon Overview and Level Annotations

Branches:
Dungeon (1/15)

Altars:


Message History

You hit the bat. The bat hits you but does no damage.
The bat closely misses you.
You miss the bat. The bat barely misses you.
The bat hits you but does no damage.
You completely miss the bat. The bat barely misses you.
The bat hits you but does no damage. The bat hits you.
The bat hits you but does no damage.
You hit the bat. The bat hits you but does no damage.
The bat hits you but does no damage.
A bat is nearby!
You barely miss the bat. The bat closely misses you.
The bat hits you but does no damage. The bat hits you but does no damage.
The bat misses you.
You closely miss the bat. The bat hits you but does no damage.
The bat hits you but does no damage.
You barely miss the bat. The bat closely misses you. The bat barely misses you.
You barely miss the bat. The bat hits you but does no damage. The bat hits you.
You miss the bat. The bat misses you. The bat hits you but does no damage.
You barely miss the bat. The bat barely misses you. The bat hits you.
The bat closely misses you.
Press: ? - help, Shift-Dir - straight line, f - bat
Aim: a bat (moderately wounded, 100% to hit)
The negative energy hits the bat!
The bat is drained!
You kill the bat!
You feel drained.
Found a sling.
A kobold comes into view.
It is wielding a +0 short sword of venom.
The kobold shouts!
A kobold is nearby!
You closely miss the kobold.
A rat comes into view.
The kobold hits you but does no damage.
You are poisoned.
You miss the kobold.
You feel very sick. The kobold closely misses you.
You hit the kobold.
You feel sick.
The kobold hits you with a +0 short sword of venom.
* * * LOW HITPOINT WARNING * * *
You are lethally poisoned!
You barely miss the kobold.
* * * LOW HITPOINT WARNING * * *
You feel very sick.
The kobold hits you with a +0 short sword of venom.
You die...

######### #........
########## #.#######
...r..K@.# ##.†..####
########.# #.....##..
#.# ####......... #.#
#............
#######.###.##.........
...................##..
#######.###.###....##..
#.# #.#.....###.. #.#
#.#.#........


You could see a kobold and a rat.

Vanquished Creatures
  2 bats (D:1)
  2 rats (D:1)
4 creatures vanquished.

Notes
Turn   | Place    | Note
-------+----------+-------------------------------------------
     0 | D:1      | aurelian the Hill Orc Reaver began the quest for the Orb.
     0 | D:1      | Reached XP level 1. HP: 18/18 MP: 3/3
   142 | D:1      | Slain by a kobold

Illustrated notes

Levels and vault maps discovered:
D:1:      dpeg_arrival_water_temple_mockup, layout_loops_ring

Action                     || total
---------------------------++-------
  Melee: Hand axe          ||    23
   Cast: Kiss of Death     ||     1
 Armour: Leather armour    ||    24
  Dodge: Dodged            ||    16

Table legend: (Time is in decaauts)
 A = Elapsed time spent in this place.
 B = Non-inter-level travel time spent in this place.
 C = Inter-level travel time spent in this place.
 D = Time resting spent in this place.
 E = Time spent auto-exploring this place.
 F = Levels seen in this place.
 G = Mean time per level.
                   A        B        C        D        E       F      G
               +--------+--------+--------+--------+--------+-----+--------+
         Total |    143 |    143 |      0 |      0 |     63 |   1 |  143.0 |
       Dungeon |    143 |    143 |      0 |      0 |     63 |   1 |  143.0 |
               +--------+--------+--------+--------+--------+-----+--------+

Top non-repeatable levels by time:
     D:1: 143 daAuts
